 Dungeon Crawl Stone Soup version 0.29.1-15-g9cfb28693d (webtiles) character file.

Game seed: 4020996919742176328

268 logalleon the Covered (level 6, 0/53 HPs)
             Began as a Minotaur Fighter on Feb 22, 2023.
             Slain by an orc
             ... wielding a +0 club
              (3 damage)
             ... on level 4 of the Dungeon.
             The game lasted 00:11:54 (2709 turns).

logalleon the Covered (Minotaur Fighter)            Turns: 2709, Time: 00:11:54

Health: 0/53       AC:  7    Str: 22    XL:     6   Next: 0%
Magic:  5/5        EV:  9    Int:  5    God:
Gold:   176        SH:  4    Dex: 10    Spells: 5/5 levels left

rFire   . . .      SeeInvis .   o - +3 hand axe
rCold   . . .      Faith    .   c - +0 buckler
rNeg    . . .      Spirit   .   b - +0 scale mail
rPois   .          Reflect  .   (helmet restricted)
rElec   .          Harm     .   (no cloak)
rCorr   .          Rampage  .   (no gloves)
Will    .....                   (no boots)
Stlth   ..........              (no amulet)
HPRegen 0.17/turn               (no ring)
MPRegen 0.09/turn               (no ring)

@: mighty
A: horns 2, retaliatory headbutt
a: no special abilities


You were on level 4 of the Dungeon.
You visited 1 branch of the dungeon, and saw 5 of its levels.

You collected 176 gold pieces.

Inventory:

Hand Weapons
 a - a +0 war axe
 o - a +3 hand axe (weapon)
Armour
 b - a +0 scale mail (worn)
 c - a +0 buckler (worn)
Wands
 n - a wand of digging (3)
 q - a wand of flame (7)
Scrolls
 f - a scroll of brand weapon {unknown}
 j - a scroll of blinking {unknown}
 k - 3 scrolls of identify
 m - a scroll of butterflies {unknown}
 p - a scroll of immolation {unknown}
 r - a scroll of teleportation
 s - a scroll of enchant weapon {unknown}
Potions
 d - a potion of might
 e - a potion of resistance
 g - a potion of magic {unknown}
 h - a potion of attraction {unknown}
 i - 2 potions of degeneration {unknown}
 l - a potion of heal wounds {unknown}
 t - a potion of lignification {unknown}


   Skills:
 + Level 4.7 Fighting
 + Level 5.0 Axes
 + Level 5.2 Armour
 + Level 1.2 Dodging
 + Level 4.3 Shields


You had 5 spell levels left.
You didn't know any spells.
Your spell library contained the following spells:

 Spells                   Type           Power      Damage    Failure   Level
 Shock                    Conj/Air       0%         1d3       86%         1
 Ensorcelled Hibernation  Hex/Ice        0%         N/A       95%         2
 Passwall                 Tmut/Erth      0%         N/A       95%         2
 Ignite Poison            Fire/Tmut/Pois 0%         N/A       99%         3
 Mephitic Cloud           Conj/Pois/Air  0%         N/A       99%         3
 Swiftness                Air            0%         N/A       99%         3
 Airstrike                Air            0%         2d(0-16)  100%        4
 Freezing Cloud           Conj/Ice/Air   0%         6-21      100%        5


Dungeon Overview and Level Annotations

Branches:
Dungeon (5/15)
 Temple: D:4-7

Altars:
Cheibriados
Hepliaklqana


Innate Abilities, Weirdness & Mutations

You have a pair of horns on your head.
You reflexively headbutt those who attack you in melee.


Message History

The orc priest calls down the wrath of Beogh upon you.
Pain shoots through your body!
You slash the orc!
You kill the orc!
You closely miss the orc.
The orc priest calls down the wrath of Beogh upon you.
Pain shoots through your body!
You have reached level 6!
You hit the orc but do no damage. You headbutt the orc, but do no damage.
You hit the orc priest. The orc closely misses you.
The orc priest closely misses you. The orc priest barely misses you.
The orc priest hits you with a +0 falchion.
The orc priest hits you but does no damage.
You slash the orc!
You kill the orc!
You hit the orc priest.
The orc priest hits you with a +0 falchion.
The orc priest hits you from afar with a +0 trident!
You hit the orc.
The orc is heavily wounded.
You barely miss the orc priest.
The orc priest mumbles some strange prayers to Beogh against you.
Pain shoots through your body!
* * * LOW HITPOINT WARNING * * *
The orc priest hits you but does no damage.
The orc hits you but does no damage.
The orc priest mumbles some strange prayers to Beogh against you.
Beogh smites you!
* * * LOW HITPOINT WARNING * * *
The orc priest attacks as you move away!
You block the orc priest's attack. The orc attacks as you move away!
The orc barely misses you.
You feel very mighty all of a sudden. The orc closely misses you.
The orc priest hits you with a +0 falchion.
* * * LOW HITPOINT WARNING * * *
The orc priest calls upon Beogh to heal the orc.
The orc's wounds heal themselves!
The orc hits you with a +0 club.
You die...

.................................
......##.........................
+########..................##....
#...................##....
#...................##....
#............#............
#............#............
#............#............
#...##.#.@..## . #...##.#oo..##..
.#...##.#........
.........o........
.......#..........
.......##......... #######
#.)....... ................
...........####


You could see 2 orc priests and an orc.

Vanquished Creatures
  A hound (D:4)
  An orc priest (D:3)
  An iron imp (D:3)
  An orc wizard (D:3)
  8 adders
  2 worms
  A dart slug (D:2)
  15 orcs
  6 ball pythons
  4 bats
  2 endoplasms
  3 giant cockroaches
  A goblin (D:1)
  5 hobgoblins
  A jackal (D:4)
  2 quokkas (D:3)
  11 frilled lizards
  3 kobolds
  4 rats
72 creatures vanquished.

Vanquished Creatures (others)
  21 plants
21 creatures vanquished.

Grand Total: 93 creatures vanquished

Notes
Turn   | Place    | Note
-------+----------+-------------------------------------------
     0 | D:1      | logalleon the Minotaur Fighter began the quest for the Orb.
     0 | D:1      | Reached XP level 1. HP: 19/19 MP: 0/0
    89 | D:1      | Found a faded altar of an unknown god.
   287 | D:1      | Reached XP level 2. HP: 27/27 MP: 1/1
   661 | D:2      | Reached XP level 3. HP: 11/33 MP: 2/2
  1169 | D:2      | Found a hazy altar of Hepliaklqana.
  1182 | D:2      | Reached XP level 4. HP: 38/40 MP: 3/3
  1578 | D:3      | Found a snail-covered altar of Cheibriados.
  1686 | D:3      | Reached skill level 5 in Armour
  1691 | D:3      | Reached XP level 5. HP: 45/47 MP: 4/4
  1951 | D:3      | Reached skill level 1 in Dodging
  2515 | D:4      | Reached skill level 5 in Axes
  2519 | D:5      | Entered Level 5 of the Dungeon
  2519 | D:5      | Noticed an ogre
  2519 | D:5      | Noticed an ogre
  2699 | D:4      | Reached XP level 6. HP: 35/53 MP: 5/5
  2709 | D:4      | Slain by an orc

Illustrated notes

Levels and vault maps discovered:
D:1:      mrwooster_arrival_statue_3, layout_basic,
          ebering_ecumenical_altar_rust, serial_aquarium, aquarium_bridge_square
          [aquarium_subvault_balcony, aquarium_subvault_wall,
          aquarium_subvault_bridge, aquarium_subvault_window],
          aquarium_window_corridor_1, aquarium_window_corner,
          aquarium_window_fake, aquarium_window_1, aquarium_view_2a,
          aquarium_pool_double
D:2:      layout_rooms, basic_altar, minmay_lizard_king, uniq_terence
D:3:      layout_loops_cross, slow_altar_2, grunt_ministairs_14,
          serial_bayou_lagoon_b
D:4:      layout_basic, uniq_natasha, uniq_blork_the_orc
D:5:      layout_rooms, tso_altar, gammafunk_ghost_cemetery

Skill      XL: |  1  2  3  4  5 |
---------------+----------------+-----
Armour         | 4 5 |  5.2
Fighting       | 4 |  4.7
Shields        | 4 |  4.3
Axes           | 3 5 |  5.0
Dodging        | 1 |  1.2

Action                   |  1- 3 |  4- 6 || total
-------------------------+-------+-------++-------
Melee: War axe           |    62 |    41 ||   103
       Headbutt          |     7 |    13 ||    20
       Hand axe          |       |    40 ||    40
  Use: Scroll            |     2 |       ||     2
       Potion            |       |     2 ||     2
Armor: Scale mail        |    34 |    32 ||    66
Dodge: Dodged            |    35 |    36 ||    71
Block: Buckler           |    28 |    13 ||    41
